← All builds
Suicide front / Armada / Factory first / OBSERVED BUILD

Standard suicide front

Armada Suicide front build order · Supreme Isthmus

The role's baseline: Bot Lab at 0:21 then straight into reclaim-fed T1 bot production to contest the middle and hold until T2 arrives, with an Advanced Metal Extractor around 9:45.

#rush · 2020 distinct matches · 232 players · 71% of Armada Suicide front games · team won 59% of 2395 · Recently observed

HOW TO PLAY IT

Key timing: Bot Lab by 0:20

  1. Open with mex and lab-first to get Bot Lab up by 0:20.
  2. Expand mex and wind while lab pumps units toward middle.
  3. Push Sentry and early Rocketeer, Centurion to contest middle.
  4. Get T2 constructor out once Pond's boost lets you spare metal.
  5. Upgrade mex to Advanced Metal Extractor as you transition off T1 spam.

Phase by phase

TYPICAL OF ITS 2020 GAMES
  1. 1
  2. 2
  3. 3
PLAY THE OPENING

Follow the example game's first 6:00 step by step: what to build now, what comes next, and where it goes. At 1× it keeps pace with your own game.

  1. 1

    Bot Lab first

    Order
    1. Bot LabBot Lab done ~0:21, middle half 0:20–0:33

    Some games also: mex (44%)

  2. 2

    Bot Lab to 5:00

    Economy
    • Metal Extractor5Mex
    • Wind Turbine4Wind
    Builders
    • Construction Bot3 Con bot
    • Lazarus2 Lazarus
    Army
    • Sentry4 Sentry
    • Rocketeer16 Rocketeer
    • Tick2 Tick
    • Centurion1 Centurion
    Other
    • Radar Tower1 Radar Tower

    Some games also: pawn (37%) · con turret (34%)

    By 5:00 in all: 5 mex · 4 wind

    The example game in this phase · 34 steps
    1. Wind
    2. TickTick ×2
    3. LazarusLazarus ×2
    4. Construction BotCon bot ×2
    5. Wind
    6. TickTick ×2
    7. Construction BotCon bot
    8. RocketeerRocketeer
    9. Mex
    10. Construction BotCon bot
    11. RocketeerRocketeer
    12. SentrySentry ×2
    13. RocketeerRocketeer
    14. Mex
    15. BeamerBeamer
    16. RocketeerRocketeer
    17. Mex ×2
    18. BeamerBeamer
    19. Radar TowerRadar Tower
    20. RocketeerRocketeer
    21. Radar TowerRadar Tower
    22. BeamerBeamer
    23. Wind
    24. RocketeerRocketeer
    25. Wind
    26. RocketeerRocketeer ×3
    27. Wind
    28. RocketeerRocketeer ×2
    29. Wind
    30. RocketeerRocketeer ×2
    31. Construction BotCon bot
    32. Wind
    33. Construction BotCon bot
    34. Wind
  3. 3

    5:00 to 10:00

    Economy
    • Metal Extractor1Mex
    • Wind Turbine15Wind
    Builders
    • Construction Turret2 Con turret
    • Lazarus2 Lazarus
    • Construction Bot1 Con bot
    Army
    • Sentry1 Sentry
    • Rocketeer8 Rocketeer

    Some games also: pawn (49%) · Radar Tower (46%) · tick (45%) · centurion (44%) · energy storage (43%) · eat Bot Lab (31%)

    By 10:00 in all: 6 mex · 21 wind · 1 energy storage · 2 con turret

    The example game in this phase · 118 steps
    1. RocketeerRocketeer ×2
    2. Wind
    3. RocketeerRocketeer
    4. BeamerBeamer
    5. RocketeerRocketeer ×2
    6. Wind
    7. RocketeerRocketeer ×3
    8. Wind
    9. RocketeerRocketeer ×2
    10. Mex
    11. Wind
    12. RocketeerRocketeer ×2
    13. Wind
    14. RocketeerRocketeer
    15. Wind
    16. RocketeerRocketeer ×2
    17. Wind
    18. RocketeerRocketeer
    19. Wind
    20. RocketeerRocketeer
    21. Con turret
    22. NettleNettle
    23. Wind
    24. RocketeerRocketeer
    25. Wind ×2
    26. RocketeerRocketeer ×2
    27. Wind
    28. RocketeerRocketeer
    29. Wind
    30. RocketeerRocketeer
    31. Con turret
    32. Wind
    33. RocketeerRocketeer
    34. Wind
    35. Energy storage
    36. RocketeerRocketeer
    37. Con turret
    38. Wind
    39. Radar TowerRadar Tower
    40. RocketeerRocketeer
    41. Con turret
    42. RocketeerRocketeer
    43. Wind
    44. RocketeerRocketeer ×2
    45. Wind
    46. RocketeerRocketeer ×3
    47. Wind
    48. RocketeerRocketeer ×3
    49. Wind
    50. RocketeerRocketeer ×2
    51. Wind
    52. RocketeerRocketeer
    53. Radar TowerRadar Tower
    54. RocketeerRocketeer
    55. Wind
    56. RocketeerRocketeer ×2
    57. Advanced Metal ExtractorT2 mexdone 10:38 · typical 9:46
    58. Wind ×2
    59. TickTick
    60. Wind
    61. TickTick
    62. Advanced Metal ExtractorT2 mex
    63. TickTick
    64. Wind
    65. BeamerBeamer
    66. SentrySentry
    67. Wind
    68. TickTick ×4
    69. Wind
    70. TickTick ×2
    71. SentrySentry
    72. TickTick ×2
    73. Advanced Metal ExtractorT2 mex
    74. TickTick ×2
    75. Wind
    76. TickTick ×5
    77. Wind
    78. PawnPawn ×2
    79. Con turret
    80. Wind
    81. PawnPawn
    82. Con turret
    83. PawnPawn
    84. Wind
    85. Con turret
    86. PawnPawn
    87. Wind
    88. PawnPawn ×2
    89. Advanced Metal ExtractorT2 mex
    90. PawnPawn ×4
    91. Wind
    92. PawnPawn ×5
    93. Wind
    94. PawnPawn ×5
    95. Wind
    96. PawnPawn ×5
    97. Wind
    98. PawnPawn ×6
    99. Wind
    100. PawnPawn ×5
    101. Wind
    102. PawnPawn ×6
    103. Wind
    104. PawnPawn ×5
    105. Wind
    106. PawnPawn ×6
    107. Wind
    108. PawnPawn ×5
    109. Wind
    110. PawnPawn ×6
    111. Wind
    112. PawnPawn ×6
    113. Wind
    114. PawnPawn ×11
    115. Converter
    116. PawnPawn
    117. Converter
    118. PawnPawn ×2

Counts are medians over the build's games: half of them build more, half fewer. The example game is [Fx]Doo's (35 OS, 12/10/2026); pick another.

Team trades

IN AT LEAST 30% OF ITS GAMES

You hand over

Nothing regular.

You get

  • Tidal Generator4 Tidal from Pondfirst at 0:11 · in 68% of games
  • Advanced Construction Bot1 T2 con bot from Geo or Techfirst at 7:41 · in 57% of games

How it plays out

Typical game of this build, running totals by minute

Metal produced

010k20k
0:005:0010:0015:00

metal

Enemy metal destroyed

05k10k
0:005:0010:0015:00

metal

Own metal lost

05k10k
0:005:0010:0015:00

metal

2395 games.

Show as table
ByMetal produced: This buildEnemy metal destroyed: This buildOwn metal lost: This build
1:0023000
2:0088600
3:002007184130
4:003108643501
5:0041841352998
6:00534921831707
7:00654430512590
8:00776039353502
9:00903546904383
10:001041253145163
11:001188958585965
12:001358364066686
13:001540468757453
14:001729875038214
15:001929281099007
WHAT THE NUMBERS SAY

Standard Suicide front play wins a bit over half its games while taking the heaviest own losses of any role by 15:00.

  • + Produces 20142 metal by 15:00, highest of the front roles.
  • + First kill by 2:01 in all games, fastest contest of middle.
  • − Own metal lost hits 9178 by 15:00, more than enemy metal destroyed.
  • − Only 34% Rocketeer share shows army spread thin across many bot types.
THE EXAMPLE YOU ARE READING

[Fx]Doo

34.7 OS · 12/10/2026

Open source match ↗

10 received units · includes a constructor
473 metal received · 14312 energy received

Allied construction assistance is unknown. Timings are observations, not a promise of solo reproducibility.

Typical milestones

Bot Lab0:21Middle 50%: 0:20–0:33 · n=2387
Advanced Metal Extractor9:46Middle 50%: 8:50–10:58 · n=1732

Played most by

_X_262games of this buildPlatinumBlonde188games of this buildXad165games of this buildTrapCaT109games of this buildImmort80games of this build
Standard suicide front · Armada Suicide front build order · BAR Build Atlas